 Dungeon Sprint DCSS version 0.29-a0-356-g7bc237e783 (webtiles) character file.

Game seed: 1395915196196518787

5 Zeldest the Skirmisher (level 1, -3/18 HPs)
             Began as a Demonspawn Monk on Apr 25, 2022.
             Slain by an iguana (6 damage)
             ... in the Dungeon (Sprint IX: "|||||||||||||||||||||||||||||").
             The game lasted 00:00:03 (21 turns).

Zeldest the Skirmisher (Demonspawn Monk)              Turns: 21, Time: 00:00:03

Health: -3/18      AC:  2    Str: 11    XL:     1   Next: 66%
Magic:  1/1        EV: 13    Int: 11    God:
Gold:   0          SH:  0    Dex: 15    Spells: 0/0 levels left

rFire   . . .      SeeInvis .     - Unarmed
rCold   . . .      Faith    .   (no shield)
rNeg    . . .      Spirit   .   a - +0 robe
rPois   .          Reflect  .   (no helmet)
rElec   .          Harm     .   (no cloak)
rCorr   .          Rampage  .   (no gloves)
Will    .....      NoTele   +   (no boots)
Stlth   ++........              (no amulet)
HPRegen 0.06/turn               (no ring)
MPRegen 0.07/turn               (no ring)

@: no status effects
A: no striking features
a: no special abilities


You were in the Dungeon.
You visited 1 branch

Inventory:

Armour
 a - a +0 robe (worn)
Scrolls
 h - a scroll of blinking
Potions
 b - a potion of ambrosia
 c - a potion of curing
 d - a potion of heal wounds
 e - a potion of haste
 f - 2 potions of magic
 g - a potion of berserk rage


   Skills:
 + Level 3.4 Fighting
 + Level 3.1 Dodging
 + Level 2.4 Stealth
 + Level 3.1 Unarmed Combat


You couldn't memorise any spells.
You didn't know any spells.
Your spell library was empty.

Dungeon Overview and Level Annotations

Branches:
Dungeon (1/1)

Altars:


Message History

You barely miss the hobgoblin.
The hobgoblin is severely wounded.
The hobgoblin misses you.
You hit the hobgoblin.
The hobgoblin is almost dead.
The hobgoblin hits you.
You hit the hobgoblin.
You kill the hobgoblin!
The bat hits you but does no damage. The bat barely misses you.
Your Stealth skill increases to level 2!
You hit the bat.
You kill the bat!
Your Dodging skill increases to level 3!
Your Unarmed Combat skill increases to level 3!
You hit the goblin.
You kill the goblin!
The kobold closely misses you.
There is an open door to the Dungeon here.
Things that are here:
a +0 dagger; a bat corpse You hit the kobold.
The kobold is severely wounded.
The kobold barely misses you.
You hit the kobold.
You kill the kobold!
You hit the kobold.
You kill the kobold!
Things that are here:
a +0 club; a +0 dagger You open the door.
A hound, an ogre, an adder, an orc and an iguana come into view.
The hound barks!
The adder hisses angrily.
The iguana hisses angrily.
You barely miss the iguana. The iguana bites you!
Ouch! That really hurt!
* * * LOW HITPOINT WARNING * * *
The ogre shouts!
You hit the iguana.
The iguana is moderately wounded.
The iguana bites you.
You die... ▓▓▓▓▓▓▓▓▓▓▓▓▓▓▓▓▓▓ +h.OSol@...))...<▓ ▓▓▓▓▓▓▓▓▓▓▓▓▓▓▓▓▓▓

You could see an ogre, an iguana, a hound, an adder and an orc.

Vanquished Creatures
  A bat (D)
  A hobgoblin (D)
  2 kobolds (D)
  A goblin (D)
5 creatures vanquished.

Notes
Turn   | Place    | Note
-------+----------+-------------------------------------------
     0 | D        | Zeldest the Demonspawn Monk began the quest for the Orb.
     0 | D        | Reached XP level 1. HP: 18/18 MP: 1/1
    19 | D        | Noticed a hound
    19 | D        | Noticed an ogre
    19 | D        | Noticed an iguana
    21 | D        | Slain by an iguana

Illustrated notes

Levels and vault maps discovered:
D:        linesprint [early_d, line_temple, items_1, d_10, items_2, lair_1,
          lair_end, items_3, orc_1, orc_end, items_4, d_15, swamp_1, shoals_1,
          snake_1, spider_1, d_20, vaults_1, items_5, swamp_end, shoals_end,
          snake_end, spider_end, vaults_end, d_27, items_6, zot_1, zot_end,
          crypt_end, forest_end, elf_end, slime_end, tomb_end, abyss_end,
          pan_hell_end]

Skill      XL: |  1 |
---------------+----+-----
Stealth        | 2 |  2.4
Dodging        | 3 |  3.1
Unarmed Combat | 3 |  3.1
Fighting       | |  3.4

Action                   || total
-------------------------++-------
Melee: Unarmed           ||    11
Armor: Robe              ||     1
Dodge: Dodged            ||     4

Table legend: (Time is in decaauts)
 A = Elapsed time spent in this place.
 B = Non-inter-level travel time spent in this place.
 C = Inter-level travel time spent in this place.
 D = Time resting spent in this place.
 E = Time spent auto-exploring this place.
 F = Levels seen in this place.
 G = Mean time per level.
                   A        B        C        D        E       F      G
               +--------+--------+--------+--------+--------+-----+--------+
         Total |     20 |     20 |      0 |      0 |      0 |   1 |   20.0 |
       Dungeon |     20 |     20 |      0 |      0 |      0 |   1 |   20.0 |
               +--------+--------+--------+--------+--------+-----+--------+

Top non-repeatable levels by time:
       D: 20 daAuts
